 Dungeon Crawl Stone Soup version 0.31.0-11-ge490571c62 (webtiles) character file.

Game seed: 10034811540558062461

68 Couri the Trooper (level 4, -1/48 HPs)
             Began as an Oni Warper on Feb 7, 2024.
             Slain by a gnoll sergeant
             ... wielding a +0 trident
              (11 damage)
             ... on level 3 of the Dungeon.
             The game lasted 00:04:28 (2054 turns).

Couri the Trooper (Oni Warper)                      Turns: 2054, Time: 00:04:30

Health: -1/48      AC:  4    Str: 17    XL:     4   Next: 19%
Magic:  7/7        EV:  9    Int: 14    God:
Gold:   151        SH:  0    Dex:  8    Spells: 8/8 levels left

rFire   . . .        a - +0 mace
rCold   . . .        (no shield)
rNeg    . . .        b - +0 robe
rPois   .            (helmet restricted)
rElec   .            n - +0 cloak
rCorr   .            (gloves unavailable)
SInv    .            (boots unavailable)
Will    .....        (no amulet)
Stlth   +            (no ring)
HPRegen 0.28/turn    (no ring)
MPRegen 0.10/turn

%: no passive effects
@: no status effects
A: large, unfitting armour, horns 1, tough skin 1, double potion healing,
drunken brawling
a: no special abilities


You were on level 3 of the Dungeon.
You visited 1 branch of the dungeon, and saw 3 of its levels.

You collected 151 gold pieces.

Inventory:

Hand Weapons
 a - a +0 mace (weapon)
Missiles
 d - 7 darts of dispersal (quivered)
Armour
 b - a +0 robe (worn)
 n - a +0 cloak (worn)
Jewellery
 h - an amulet of reflection
Scrolls
 c - a scroll of blinking
 f - a scroll of teleportation {unknown}
 i - a scroll of poison {unknown}
 j - a scroll of fog {unknown}
 l - a scroll of identify {unknown}
 m - 3 scrolls of enchant weapon {unknown}
Potions
 e - a potion of lignification {unknown}
 g - 3 potions of curing {unknown}
 k - a potion of cancellation {unknown}


   Skills:
 * Level 4.2 Fighting
 * Level 3.1 Maces & Flails
 - Level 1.2 Throwing
 - Level 2.2 Dodging
 - Level 2.5 Spellcasting
 - Level 2.7 Translocations


You had 8 spell levels left.
You didn't know any spells.
Your spell library contained the following spells:

 Spells                   Type           Power      Damage    Failure   Level
 Blink                    Tloc           18%        N/A       11%         2
 Lesser Beckoning         Tloc           18%        N/A       11%         2
 Teleport Other           Tloc           9%         N/A       22%         3
 Stone Arrow              Conj/Erth      2%         3d7       56%         3
 Manifold Assault         Tloc           9%         N/A       56%         4
 Vhi's Electric Charge    Tloc/Air       10%        N/A       77%         4
 Animate Armour           Summ/Erth      2%         N/A       92%         4
 Lehudib's Crystal Spear  Conj/Erth      0%         10d2      100%        8


Dungeon Overview and Level Annotations

Branches:
Dungeon (3/15)

Altars:
Zin


Innate Abilities, Weirdness & Mutations

You are too large for most types of armour.
You have a pair of small horns on your head.
You have tough skin. (AC +1)
You gain doubled healing and magic from potions.
Whenever you drink a healing potion, you attack all around you.


Message History

The bat hits you but does no damage. The bat hits you but does no damage.
The bat hits you but does no damage.
You barely miss the bat. The bat barely misses you. The bat hits you.
You miss the bat. Your headbutt misses the bat.
The bat hits you but does no damage. x2
You barely miss the bat. The bat hits you but does no damage.
The bat barely misses you. The bat closely misses you.
You hit the bat.
You kill the bat!
No target in view!
No target in view!
A gnoll comes into view. It is wielding a +0 whip.
The gnoll shouts!
You hear a shout!
The gnoll moves out of view.
A gnoll sergeant comes into view. It is wielding a +0 trident.
A gnoll sergeant is nearby!
The gnoll sergeant shouts!
You hear a shout!
You see here an adder corpse.
There is a stone staircase leading up here.
The gnoll sergeant hits you from afar with a +0 trident!
The gnoll sergeant hits you from afar with a +0 trident!
You climb upwards.
There is a stone staircase leading down here.
You start resting.
HP restored.
You climb downwards.
The gnoll sergeant hits you with a +0 trident! x2
There is a stone staircase leading up, spattered with blood here.
You hit the gnoll sergeant but do no damage.
The gnoll sergeant hits you with a +0 trident!
You hit the gnoll sergeant but do no damage.
You hit the gnoll.
The gnoll is lightly wounded.
The gnoll sergeant hits you with a +0 trident!
* * * LOW HITPOINT WARNING * * *
The gnoll hits you with a +0 whip.
* * * LOW HITPOINT WARNING * * *
The gnoll sergeant hits you with a +0 trident!
You die...

##.##.##.#.######## ###
#.##.##.#.##########.#
#.##.................#
#.####.>############.#
#..........gg.....##.#
##################.##.#
.............#...#.##.#
############.#.#g#.##.#
#.#..@g....#
#.#####.#### #.......#
#########


You could see a gnoll sergeant and a gnoll.

Vanquished Creatures
  An adder (D:3)
  An orc (D:3)
  7 endoplasms
  3 giant cockroaches
  6 goblins
  4 hobgoblins
  5 jackals
  A quokka (D:1)
  5 ball pythons
  6 bats
  2 frilled lizards
  7 kobolds
  4 rats
52 creatures vanquished.

Notes
Turn   | Place    | Note
-------+----------+-------------------------------------------
     0 | D:1      | Couri the Oni Warper began the quest for the Orb.
     0 | D:1      | Reached XP level 1. HP: 22/22 MP: 3/3
   159 | D:1      | Reached XP level 2. HP: 24/29 MP: 5/5
   233 | D:1      | Reached skill level 3 in Fighting
   599 | D:1      | Reached XP level 3. HP: 36/37 MP: 6/6
  1041 | D:2      | Found a glowing silver altar of Zin.
  1816 | D:3      | Reached skill level 4 in Fighting
  1849 | D:3      | Reached XP level 4. HP: 42/48 MP: 7/7
  1941 | D:3      | Noticed a gnoll sergeant
  2054 | D:3      | Slain by a gnoll sergeant

Illustrated notes

Levels and vault maps discovered:
D:1:      saegor_arrival_miasma, layout_basic
D:2:      layout_loops_cross, basic_altar
D:3:      layout_basic

Skill      XL: |  1  2  3 |
---------------+----------+-----
Fighting       | 3 4 |  4.2
Maces & Flails | 3 |  3.1
Throwing       | |  1.2
Dodging        | |  2.2
Spellcasting   | |  2.5
Translocations | |  2.7

Action                     |  1- 3 |  4- 6 || total
---------------------------+-------+-------++-------
  Melee: Mace              |   142 |    10 ||   152
         Headbutt          |    17 |       ||    17
         Punch             |     1 |       ||     1
 Armour: Robe              |   105 |    19 ||   124
  Dodge: Dodged            |    74 |     4 ||    78
